 Dungeon Crawl Stone Soup version 0.27.1-15-g792fb953b9 (webtiles) character file.

Game seed: 7731904450282889693

40 croobank the Firebug (level 3, 0/25 HPs)
             Began as a Barachi Fire Elementalist on Nov 18, 2021.
             Was an Initiate of Ashenzari.
             Slain by a quokka (1 damage)
             ... on level 3 of the Dungeon.
             The game lasted 00:14:29 (3336 turns).

croobank the Firebug (Barachi Fire Elementalist)    Turns: 3336, Time: 00:14:29

Health: 0/25       AC:  3    Str: 10    XL:     3   Next: 50%
Magic:  6/6        EV: 12    Int: 18    God:    Ashenzari [......]
Gold:   96         SH:  0    Dex: 12    Spells: 1/6 levels left

rFire    . . .     SeeInvis .   g - +0 short sword
rCold    . . .     Faith    .   (no shield)
rNeg     . . .     Spirit   .   a - +0 robe of the Fated Burden {Melee, Range} (curse)
rPois    .         Reflect  .   b - +0 helmet {Int+3}
rElec    .         Harm     .   (no cloak)
rCorr    .         Rampage  .   (no gloves)
Will     .....                  (no boots)
Stlth    ++........             (no amulet)
HPRegen  0.08/turn              (no ring)
MPRegen  0.10/turn              (no ring)

@: slow
A: amphibious, slowness 1, strong legs 1, +LOS
a: Hop, Renounce Religion, Shatter the Chains


You were on level 3 of the Dungeon.
You worshipped Ashenzari.
Ashenzari was noncommittal.
You visited 1 branch of the dungeon, and saw 3 of its levels.

You collected 96 gold pieces.

Inventory:

Hand Weapons
 g - a +0 short sword (weapon)
Missiles
 f - 5 boomerangs
 h - 74 stones
 k - 15 bolts
Armour
 a - the cursed +0 robe of the Fated Burden (worn) {Melee, Range}

   It has a curse which improves the following skills: Melee Combat: Short
   Blades, Long Blades, Axes, Maces & Flails, Polearms, Staves and Unarmed
   Combat.
   Ranged Combat: Slings, Bows, Crossbows and Throwing.
 b - a +0 helmet of intelligence (worn)
 c - a +0 ring mail
 j - a +0 chain mail
Scrolls
 e - 2 scrolls of identify
 l - a scroll of noise
Potions
 d - 2 potions of flight
 i - 2 potions of degeneration


   Skills:
 + Level 0.4 Fighting
 * Level 0.6(0.9) Short Blades
 + Level 2.4 Dodging
 + Level 1.9 Stealth
 - Level 1.2(1.5) Unarmed Combat
 + Level 2.2 Spellcasting
 + Level 1.4 Conjurations
 + Level 3.9 Fire Magic


You had one spell level left.
You knew the following spells:

 Your Spells              Type           Power      Damage    Failure   Level
a - Foxfire               Conj/Fire      44%        2x1d6     6%          1
b - Pain                  Necr           8%         1d4       19%         1
c - Conjure Flame         Conj/Fire      11%        6-21      17%         3

Your spell library contained the following spells:

 Spells                   Type           Power      Damage    Failure   Level
 Animate Skeleton         Necr           4%         N/A       19%         1
 Inner Flame              Hex/Fire       9%         N/A       24%         3
 Vampiric Draining        Necr           1%         2d6       47%         3
 Sticky Flame             Conj/Fire      11%        2d3       50%         4
 Fireball                 Conj/Fire      5%         3d5       85%         5


Dungeon Overview and Level Annotations

Branches:
Dungeon (3/15)

Altars:
Ashenzari

Shops:
D:1 [   D:2 [


Innate Abilities, Weirdness & Mutations

You are amphibious.
You cover ground slowly.
You can hop short distances.
You have an extended range of vision and can be seen from far away.


Message History

Partly explored, can't reach some places.
There is a stone staircase leading down here.
You climb downwards.
There is a stone staircase leading up here.
You open the door.
Found a +0 club. 3 gnolls come into view.
Found 6 gold pieces.
The gnoll shouts! x2
There is an open door here.
Casting: Foxfire (safe; 6% risk of failure)
Press: ? - help, Q - select action, (/) - cycle Dir - look around, f - activate You conjure some foxfire!
The gnoll hits you from afar with a +0 halberd!
Ouch! That really hurt!
Casting: Foxfire (safe; 6% risk of failure)
Press: ? - help, Q - select action, (/) - cycle Dir - look around, f - activate
Okay, then.
Your foxfire dissipates!
The foxfire hits the gnoll.
The gnoll is heavily wounded.
Press: ? - help, v - describe, . - travel
Here: a gnoll, wielding a +0 halberd The floor.
Unknown command.
Unknown command.
Okay, then.
As you read the scroll of teleportation, it crumbles to dust.
You feel strangely unstable. The gnoll hits you with a +0 club!
* * * LOW HITPOINT WARNING * * *
Your surroundings suddenly seem different.
A bat, an adder and a quokka come into view.
Found a scroll labelled OTSOPN XAZOLOE.
The helpless bat fails to defend itself.
You puncture the bat!
You kill the bat!
You barely miss the quokka. The quokka bites you.
* * * LOW HITPOINT WARNING * * *
The quokka bites you.
You die...

#####
#...#
####@..#
#...rS.#
#.#....#
..
#...?+
#..
#....#
##
.....+
##....#
#######
.....+
#.....#
.....#


You could see an adder and a quokka.

Vanquished Creatures
  4 ball pythons
  7 bats
  2 endoplasms
  3 giant cockroaches
  A goblin (D:2)
  4 hobgoblins
  2 jackals (D:2)
  7 kobolds (D:1)
  A quokka (D:2)
  3 frilled lizards
  6 rats
40 creatures vanquished.

Vanquished Creatures (others)
  16 foxfires
  11 plants (D:1)
27 creatures vanquished.

Grand Total: 67 creatures vanquished

Notes
Turn   | Place    | Note
-------+----------+-------------------------------------------
     0 | D:1      | croobank the Barachi Fire Elementalist began the quest for
                  | the Orb.
     0 | D:1      | Reached XP level 1. HP: 13/13 MP: 3/3
   188 | D:1      | Found Xeshruasch's Armour Emporium.
   398 | D:1      | Reached skill level 1 in Unarmed Combat
   398 | D:1      | Reached XP level 2. HP: 17/19 MP: 5/5
  2244 | D:2      | Reached XP level 3. HP: 21/23 MP: 4/6
  2277 | D:2      | Learned a level 1 spell: Pain
  2281 | D:2      | Learned a level 3 spell: Conjure Flame
  2618 | D:2      | Found a faded altar of an unknown god.
  2644 | D:2      | Became a worshipper of Ashenzari the Shackled
  2870 | D:2      | Found Gaiz's Armour Shoppe.
  3336 | D:3      | HP: 1/25 [quokka (2)]
  3336 | D:3      | Slain by a quokka

Illustrated notes

Levels and vault maps discovered:
D:1:      psy_arrival_whirlpool, layout_loops_ring, serial_shops,
          nicolae_shop_competitors_out_of_business, lexackson_kobold_supper
D:2:      layout_loops_cross, chequers_ecumenical_altar_island, serial_shops,
          shop
D:3:      layout_basic

Skill      XL: |  1 |
---------------+----+-----
Unarmed Combat | 1 |  1.2
Fighting       | |  0.4
Short Blades   | |  0.6
Dodging        | |  2.4
Stealth        | |  1.9
Spellcasting   | |  2.2
Conjurations   | |  1.4
Fire Magic     | |  3.9

Action                   || total
-------------------------++-------
Melee: Unarmed           ||   109
       Short sword       ||    82
       Punch             ||     1
 Cast: Foxfire           ||    19
       Conjure Flame     ||     1
Invok: Curse Item        ||     1
  Use: Scroll            ||     2
       Potion            ||     4
 Stab: Sleeping          ||     3
Armor: Robe              ||    74
       Skin              ||     2
Dodge: Dodged            ||   148
